 Dungeon Crawl Stone Soup version 0.31-a0-655-gf2d5465dac (webtiles) character file.

Game seed: 17478374629303823653

5552 GordonOverkill the Grappler (level 10, -2/91 HPs)
             Began as a Troll Delver on Aug 29, 2023.
             Was an Elder of Hepliaklqana.
             Shot with an arrow by an orc warrior (18 damage)
             ... on level 9 of the Dungeon.
             The game lasted 00:17:33 (7905 turns).

GordonOverkill the Grappler (Troll Delver)          Turns: 7905, Time: 00:17:33

Health: -2/91      AC:  6    Str: 26    XL:     10   Next: 44%
Magic:  11/11      EV: 10    Int:  6    God:    Hepliaklqana [****..]
Gold:   551        SH:  0    Dex: 11    Spells: 9/9 levels left

rFire   . .          .
                       - Unarmed
rCold   . . .        (no shield)
rNeg    . . .        a - +0 robe
rPois   .            r - +2 hat
rElec   .            C - scarf {+Inv}
rCorr   +            (gloves unavailable)
SInv    .            (boots unavailable)
Will    .....        (no amulet)
Stlth   ++           t - ring of resist corrosion
HPRegen 1.15/turn    (no ring)
MPRegen 0.12/turn

%: no passive effects
@: no status effects
A: reduced essence, large, unfitting armour, claws 3, regeneration 1, shaggy fur
1, tough skin 1
a: Renounce Religion, Evoke Invisibility, Recall Ancestor, Ancestor Identity,
Transference, Idealise


You were on level 9 of the Dungeon.
You worshipped Hepliaklqana.
Hepliaklqana was greatly pleased with you.
You visited 2 branches of the dungeon, and saw 10 of its levels.

You collected 606 gold pieces.
You spent 55 gold pieces at shops.

Inventory:

Hand Weapons
 z - the +3 battleaxe "GordonOverkill's Peril" {freeze, rElec rF++ Int+2}
   (You found it on level 7 of the Dungeon)

   Int+2:     It affects your intelligence (+2).
   rF++:      It greatly protects you from fire.
   rElec:     It insulates you from electricity.
Missiles
 i - 5 boomerangs (quivered)
 n - a throwing net
Armour
 a - a +0 robe (worn)
 r - a +2 hat (worn)
 C - a scarf of invisibility (worn)
Jewellery
 t - a ring of resist corrosion (left claw)
 D - the ring of the Cast Vote {rC+ Slay-4 SInv Stlth+}
   (You found it on level 9 of the Dungeon)

   [ring of see invisible]

   Slay-4:    It affects your accuracy & damage with ranged weapons and melee
   (-4).
   rC+:       It protects you from cold.
   SInv:      It lets you see invisible.
   Stlth+:    It makes you more stealthy.
Talismans
 B - a blade talisman
Wands
 f - a wand of digging (3)
 k - a wand of polymorph (6)
 E - a wand of flame (8)
Scrolls
 b - 4 scrolls of fog
 c - 6 scrolls of revelation
 d - a scroll of fear
 l - 4 scrolls of teleportation
 m - a scroll of amnesia
 q - 5 scrolls of poison
 u - a scroll of torment
 w - a scroll of immolation {unknown}
 x - a scroll of blinking
 F - 2 scrolls of identify
Potions
 e - 3 potions of resistance {unknown}
 h - 2 potions of lignification
 o - 2 potions of mutation
 p - 3 potions of might
 s - 3 potions of curing
 v - 3 potions of ambrosia
 y - 5 potions of haste
 A - a potion of brilliance


   Skills:
 - Level 7.0 Fighting
 - Level 3.0 Dodging
 - Level 2.7 Stealth
 - Level 10.0 Unarmed Combat
 - Level 3.0 Invocations
 + Level 7.5 Shapeshifting


You had 9 spell levels left.
You didn't know any spells.
Your spell library contained the following spells:

 Spells                   Type           Power      Damage    Failure   Level
 Summon Small Mammal      Summ           0%         N/A       45%         1
 Sublimation of Blood     Necr           0%         N/A       58%         2
 Wereblood                Tmut           0%         N/A       58%         2
 Call Canine Familiar     Summ           0%         N/A       83%         3
 Summon Guardian Golem    Hex/Summ       0%         N/A       83%         3
 Vhi's Electric Charge    Tloc/Air       0%         N/A       99%         4
 Arcjolt                  Conj/Air       0%         1d10      100%        5
 Plasma Beam              Fire/Air       0%         2x1d10    100%        6
 Summon Hydra             Summ           0%         N/A       100%        7


Dungeon Overview and Level Annotations

Branches:
Dungeon (9/15)             Temple (1/1) D:5
   Lair: D:8-11         Orc: D:9-12

Altars:
Ashenzari
Cheibriados
Dithmenos
Elyvilon
Fedhas
Gozag
Hepliaklqana
Kikubaaqudgha
Makhleb
Nemelex Xobeh
Okawaru
Qazlal
Ru
Sif Muna
Trog
Uskayaw
Vehumet
Wu Jian
Xom
Yredelemnul
Zin
The Shining One

Shops:
D:3 ?   D:9 =


Innate Abilities, Weirdness & Mutations

Your life essence is reduced to manifest your ancestor. (-10% HP)
You are too large for most types of armour.
You have claws for hands.
Your natural rate of healing is unusually fast.
You are covered in fur. (AC +1)
You have tough skin. (AC +1)


Message History

* * * LOW HITPOINT WARNING * * *
The centaur shoots an arrow.
The arrow hits you!
* * * LOW HITPOINT WARNING * * *
There is an open door, spattered with blood here.
The centaur shoots an arrow.
The arrow barely misses you.
The centaur unwields a +0 shortbow.
The centaur hits you.
* * * LOW HITPOINT WARNING * * *
The centaur misses you. The centaur hits you.
* * * LOW HITPOINT WARNING * * *
The centaur closely misses you.
You mangle the centaur!!
You kill the centaur!
You see here a +0 shortbow.
You start resting.
An orc warrior is nearby!
An orc warrior is nearby!
The sentinel's mark upon you fades away.
The orc warrior barely misses you.
You claw the orc warrior!
The orc warrior is heavily wounded.
The orc warrior hits you with a +0 halberd.
* * * LOW HITPOINT WARNING * * *
You claw the orc warrior!
The orc warrior is almost dead.
The orc warrior hits you with a +0 halberd.
* * * LOW HITPOINT WARNING * * *
Aiming: Bolt of Light
Press: ? - help, Shift-Dir - straight line, f - howler monkey
Aim: a howler monkey (68% to hit)
The bolt of light misses the orc warrior.
The bolt of light hits the orc warrior!
The orc warrior is moderately wounded.
The orc warrior is blinded.
The bolt of light hits the howler monkey!
The howler monkey is moderately wounded.
The howler monkey is blinded.
The now-empty wand crumbles to dust.
The orc warrior unwields a +0 long sword.
The orc warrior wields a +0 orcbow.
The orc warrior shoots an arrow.
The arrow misses the orc warrior.
The arrow hits you!!
You die...

..#...#............#.#.........#
..#...'.........####'####.#.####
###...#.........#.^#.#^.#.#.#
.##...#.........##^#.#^##.#.#
.##...#.....###o#.^#.#^.#...#
..#...#.....#...##^#.#^##.###
..#...#.....#...#.^#.#^.#.#
..#...#.....#..o####'####.#
..#...#.....#...@)........#
..'...#.....#...#.....#..##
.##...#.....#...#...)...##
###...#.....###+#.....#########
.#....#........................
.#....#........................
.#....#........................
.#....#........................
###...#......^.................


You could see 2 orc warriors.

Vanquished Creatures
  A tengu warrior (D:9)
  A blink frog (D:6)
  3 yaks (D:9)
  A steam dragon (D:8)
  A wyvern (D:9)
  Duvessa (D:7)
  A sky beast (D:7)
  3 ice beasts
  A wolf (D:8)
  2 centaurs
  A phantom (D:5)
  4 bullfrogs
  4 scorpions
  2 wights (D:7)
  Dowan (D:7)
  2 killer bees (D:7)
  2 howler monkeys
  5 orc priests
  3 hounds
  2 jellies
  A sleepcap (D:5)
  2 iguanas
  Jessica (D:3)
  8 orc wizards
  8 gnolls
  6 adders
  2 white imps
  A dart slug (D:4)
  24 orcs
  8 ball pythons
  7 bats
  2 endoplasms
  3 giant cockroaches
  2 goblins
  3 hobgoblins (D:4)
  4 jackals (D:5)
  5 quokkas
  A frilled lizard (D:2)
  6 kobolds
  3 rats
138 creatures vanquished.

Vanquished Creatures (collateral kills)
  A kobold demonologist (D:9)
  2 yaks (D:9)
  Grum (D:9)
  An orc warrior (D:8)
  3 wolves
  A centaur (D:8)
  A kobold brigand (D:8)
  2 bullfrogs
  A scorpion (D:6)
  2 wights (D:7)
  2 killer bees (D:7)
  3 orc wizards (D:9)
  2 adders (D:6)
  A white imp (D:6)
  2 dart slugs (D:1)
  7 orcs
  3 ball pythons
  6 bats
  3 endoplasms
  A goblin (D:1)
  2 hobgoblins
  4 kobolds
  2 quokkas
  4 rats (D:1)
57 creatures vanquished.

Vanquished Creatures (others)
  A battlemage (D:9)
  2 ancestors
3 creatures vanquished.

Grand Total: 198 creatures vanquished

Notes
Turn   | Place    | Note
-------+----------+-------------------------------------------
     0 | D:5      | GordonOverkill the Troll Delver began the quest for the
                  | Orb.
     0 | D:5      | Reached XP level 1. HP: 22/22 MP: 0/0
     7 | Temple   | Entered the Ecumenical Temple
    78 | Temple   | Became a worshipper of Hepliaklqana the Forgotten
   163 | D:6      | Noticed an orc wizard
   164 | D:6      | Noticed an iguana
   176 | D:6      | Noticed a scorpion
   294 | D:5      | Reached XP level 2. HP: 17/29 MP: 1/1
   299 | D:5      | Reached skill level 3 in Unarmed Combat
   299 | D:5      | Reached XP level 3. HP: 17/37 MP: 2/2
   378 | D:5      | Reached XP level 4. HP: 30/45 MP: 3/3
   509 | D:5      | Killed a scorpion
   510 | D:5      | Reached skill level 4 in Unarmed Combat
   510 | D:5      | Reached skill level 1 in Invocations
   537 | D:6      | Reached XP level 5. HP: 53/53 MP: 4/4
   555 | D:6      | Reached skill level 5 in Unarmed Combat
   593 | D:6      | Noticed a water moccasin
   756 | D:5      | Reached XP level 6. HP: 62/62 MP: 5/5
   808 | D:5      | Found a white marble altar of Elyvilon.
   961 | D:6      | Noticed an ice beast
   974 | D:6      | Killed an ice beast
  1004 | D:7      | Noticed Duvessa
  1021 | D:7      | Noticed Dowan
  1024 | D:7      | Killed Duvessa
  1025 | D:7      | Reached skill level 6 in Unarmed Combat
  1025 | D:7      | Reached XP level 7. HP: 38/70 MP: 6/6
  1069 | D:7      | Killed Dowan
  1070 | D:7      | Reached skill level 7 in Unarmed Combat
  1122 | D:6      | a water moccasin changed into a blink frog
  1122 | D:6      | Noticed a blink frog
  1128 | D:6      | Killed a blink frog
  1129 | D:6      | Reached skill level 5 in Fighting
  1255 | D:5      | Reached * piety under Hepliaklqana
  1361 | D:5      | Found a burning altar of Makhleb.
  1447 | D:5      | Reached XP level 8. HP: 68/72 MP: 7/7
  1514 | D:5      | Reached skill level 8 in Unarmed Combat
  1812 | D:5      | Found a sacrificial altar of Ru.
  2097 | D:4      | Found an ancient bone altar of Kikubaaqudgha.
  2605 | D:3      | Noticed Jessica
  2617 | D:3      | Killed Jessica
  2679 | D:3      | Found Ozaxziso's Magic Scroll Boutique.
  2698 | D:3      | Bought a scroll of identify for 22 gold pieces
  2698 | D:3      | Bought a scroll of teleportation for 33 gold pieces
  2841 | D:3      | Found a bloodstained altar of Trog.
  2852 | D:3      | Reached ** piety under Hepliaklqana
  2870 | D:3      | Remembered your ancestor Kleine Eule as a battlemage
  3425 | D:2      | Found an ancient bone altar of Kikubaaqudgha.
  3432 | D:2      | Found a faded altar of an unknown god.
  4994 | D:6      | Reached *** piety under Hepliaklqana
  5539 | D:7      | Reached XP level 9. HP: 62/79 MP: 10/10
  5541 | D:7      | Reached skill level 9 in Unarmed Combat
  5632 | D:7      | Identified the +3 battleaxe "GordonOverkill's Peril"
                  | {freeze, rElec rF++ Int+2}
  6022 | D:8      | Found an opulent altar of Gozag.
  6238 | D:8      | Reached skill level 10 in Unarmed Combat
  6238 | D:8      | Reached skill level 1 in Shapeshifting
  6271 | D:8      | Reached **** piety under Hepliaklqana
  7071 | D:9      | Found Nogg's One-of-a-Kind Rings.
  7135 | D:9      | Identified the ring of the Cast Vote {rC+ Slay-4 SInv
                  | Stlth+}
  7231 | D:9      | Noticed Grum
  7409 | D:9      | Killed Grum
  7491 | D:9      | Reached XP level 10. HP: 91/91 MP: 11/11
  7508 | D:9      | Reached skill level 5 in Shapeshifting
  7858 | D:9      | Noticed a tengu warrior
  7858 | D:9      | Noticed a cyclops
  7885 | D:9      | Killed a tengu warrior
  7905 | D:9      | Shot with an arrow by an orc warrior

Illustrated notes

Levels and vault maps discovered:
D:1:      heliophobic_arrival_glass_houses, layout_basic, st_stairs_2,
          minmay_misc_feat_room
D:2:      layout_rooms, basic_altar, ebering_ecumenical_altar_sacrificial,
          minmay_puff
D:3:      layout_rooms, lemuel_doored_altar, serial_shops, shop, uniq_jessica
D:4:      layout_loops_cross, kiku_gazebo_pond_becter, serial_bayou_pond_e,
          minmay_close_crescents
D:5:      layout_loops_ring, mainiacjoe_overflow_six_doors_small,
          lemuel_round_altar, mainiacjoe_overflow_catwalk,
          minmay_temple_entry_grid, kennysheep_opposing_triangles, uniq_grinder
D:6:      layout_basic, kennysheep_generic_room_5
D:7:      layout_gridville, uniq_duvessa
D:8:      layout_cave_pods, grunt_gozag_breadcrumbs, serial_column_ruins,
          column_ruins_corridor_dead_end, column_ruins_grid_3,
          column_ruins_open_medium, column_ruins_open_tiny, column_ruins_grid_1,
          column_ruins_columns_straight, hex_tiny
D:9:      layout_gridville, minivault_19, nicolae_shop_unique_rings,
          grunt_tough_drop, uniq_grum
Temple:   minmay_temple_bridge_d

Skill      XL: |  1  2  3  4  5  6  7  8  9 10 |
---------------+-------------------------------+-----
Fighting       | 3 4 5 6 7 |  7.0
Unarmed Combat | 3 4 5 6 7 8 10 | 10.0
Invocations    | 1 3 |  3.0
Dodging        | 3 |  3.0
Shapeshifting  | 4 7 |  7.5
Stealth        | |  2.7

Action                     |  1- 3 |  4- 6 |  7- 9 | 10-12 || total
---------------------------+-------+-------+-------+-------++-------
  Melee: Unarmed           |    29 |    65 |   247 |    28 ||   369
         Punch             |       |     1 |    10 |     1 ||    12
  Throw: Boomerang         |       |     5 |     3 |       ||     8
 Invoke: Ancestor Identity |       |       |     1 |       ||     1
         Ancestor Life: Ba |       |       |     1 |       ||     1
         Recall Ancestor   |       |       |     2 |       ||     2
         Idealise          |       |       |       |     1 ||     1
  Evoke: Wand              |       |     4 |     6 |     3 ||    13
    Use: Scroll            |       |       |    11 |       ||    11
         Potion            |       |       |       |     1 ||     1
   Stab: Invisible         |       |     2 |     1 |       ||     3
         Sleeping          |       |     1 |     9 |       ||    10
         Distracted        |       |       |     1 |       ||     1
 Armour: Robe              |    15 |    13 |    85 |     8 ||   121
  Dodge: Dodged            |    17 |    29 |   105 |    17 ||   168

Table legend: (Time is in decaauts)
 A = Elapsed time spent in this place.
 B = Non-inter-level travel time spent in this place.
 C = Inter-level travel time spent in this place.
 D = Time resting spent in this place.
 E = Time spent auto-exploring this place.
 F = Levels seen in this place.
 G = Mean time per level.
                   A        B        C        D        E       F      G
               +--------+--------+--------+--------+--------+-----+--------+
         Total |   7870 |   7172 |    698 |    654 |   4843 |  10 |  787.0 |
       Dungeon |   7727 |   7169 |    558 |    654 |   4843 |   9 |  858.6 |
        Temple |    142 |      2 |    140 |      0 |      0 |   1 |  142.0 |
               +--------+--------+--------+--------+--------+-----+--------+

Top non-repeatable levels by time:
     D:5: 1272 daAuts
     D:8: 1030 daAuts
     D:1: 996 daAuts
     D:7: 927 daAuts
     D:9: 876 daAuts
     D:4: 755 daAuts
     D:6: 743 daAuts
     D:2: 632 daAuts
     D:3: 490 daAuts
  Temple: 142 daAuts
